AoeStats
← Mito

Arena

505338182Analyzed
3v3 RM · 24d ago on Sep 8, 2026· 63m 11s· 6 players
Game mode
Random Map
Map size
Normal (6 player)
Population
200
Speed
Normal
Resources
Standard
Victory
Conquest
Starting age
Dark Age
Ending age
Imperial Age
RankedLock teamsTeams togetherTeam positionsShared explorationLock speedFull tech treeHidden civsTurbo modeCheats
Victory
Defeat
🇦🇷 Goths · Argentina
1011
+16
🇦🇷 Portuguese · Argentina
1007
+16
🇦🇷 Franks · Argentina
925
+18
🇹🇷 Burmese · Türkiye
1038
-18
🇹🇷 Poles · Türkiye
1033
-18
🇹🇷 Malians · Türkiye
941
-14
CampanaUrban
11:24 Feudal Age
15:52 Castle Age
22:01 Double-Bit Axe
33:37 Imperial Age
35:48 Pikeman
37:36 Horse Collar
38:01 Scale Mail Armor
39:07 Halberdier
41:13 Gold Mining
45:16 Elite Organ Gun
46:24 Conscription
46:24 Bow Saw
47:26 Wheelbarrow
50:17 Arquebus
58:33 Spies/Treason
benitezamir
9:56 Feudal Age
13:50 Castle Age
12:29 Double-Bit Axe
14:33 Horse Collar
16:47 Loom
24:30 Gold Mining
27:35 Wheelbarrow
27:20 Bow Saw
27:12 Heavy Plow
31:11 Imperial Age
29:34 Forging
29:24 Scale Mail Armor
30:12 Hand Cart
31:38 Iron Casting
32:06 Anarchy
32:07 Perfusion
35:36 Blast Furnace
34:51 Chain Mail Armor
35:22 Pikeman
36:02 Squires
36:40 Illumination
36:57 Theocracy
36:35 Fervor
36:48 Sanctity
36:11 Halberdier
36:32 Onager
38:48 Crop Rotation
43:30 Man-at-Arms
44:18 Long Swordsman
44:57 Two-Handed Swordsman
45:50 Champion
56:37 Two-Man Saw
55:40 Padded Archer Armor
55:31 Fletching
57:56 Spies/Treason
59:53 Caravan
60:23 Coinage
60:04 Guilds
59:53 Bodkin Arrow
60:14 Leather Archer Armor
60:05 Scale Barding Armor
60:09 Devotion
59:38 Elite Huskarl
59:49 Sappers
60:40 Conscription
jhonzx_11
10:50 Feudal Age
15:32 Castle Age
14:24 Double-Bit Axe
14:37 Stone Mining
19:10 Wheelbarrow
24:46 Gold Mining
26:56 Hand Cart
28:35 Gold Shaft Mining
31:05 Imperial Age
29:40 Forging
29:36 Scale Barding Armor
31:01 Fortified Wall
32:00 Ballistics
32:06 Conscription
32:31 Cavalier
33:12 Husbandry
34:25 Chemistry
32:59 Heavy Scorpion
34:26 Bow Saw
35:29 Paladin
37:14 Iron Casting
39:59 Blast Furnace
39:19 Chain Barding Armor
39:05 Fletching
42:30 Pikeman
43:10 Squires
43:46 Murder Holes
44:34 Padded Archer Armor
44:34 Scale Mail Armor
45:10 Plate Barding Armor
45:00 Halberdier
45:57 Leather Archer Armor
45:58 Chain Mail Armor
61:51 Spies/Treason
AXRINN
8:04 Loom
8:17 Loom
11:32 Feudal Age
13:22 Double-Bit Axe
13:25 Horse Collar
18:26 Stone Mining
20:39 Castle Age
18:55 Gold Mining
22:01 Bow Saw
22:58 Wheelbarrow
23:37 Heavy Plow
24:45 Husbandry
24:58 Bloodlines
25:03 Forging
24:58 Scale Barding Armor
24:55 Padded Archer Armor
24:45 Fletching
25:45 Szlachta Privileges
27:14 Iron Casting
27:00 Chain Barding Armor
31:00 Hand Cart
31:22 Leather Archer Armor
31:03 Bodkin Arrow
31:28 Chain Barding Armor
30:32 Crossbowman
36:21 Imperial Age
33:38 Town Watch
34:25 Thumb Ring
34:38 Town Patrol
36:27 Cavalier
36:52 Arbalester
37:39 Bracer
38:39 Blast Furnace
Mito
10:56 Feudal Age
11:59 Double-Bit Axe
16:40 Horse Collar
17:38 Fletching
22:35 Castle Age
21:33 Wheelbarrow
20:45 Loom
28:23 Gold Mining
32:55 Ballistics
32:37 Pikeman
33:34 Loom
37:27 Wheelbarrow
38:19 Gold Shaft Mining
37:34 Stone Mining
40:58 Hand Cart
44:40 Squires
50:00 Heavy Plow
52:02 Scale Mail Armor
52:13 Forging
55:29 Iron Casting
55:09 Chain Mail Armor
54:50 Arson
Hakim
10:41 Feudal Age
11:26 Loom
12:15 Horse Collar
18:12 Castle Age
20:48 Heavy Plow
22:17 Wheelbarrow
22:39 Gold Mining
23:56 Gold Shaft Mining
23:12 Stone Mining
25:28 Hand Cart
25:48 Forging
25:44 Scale Barding Armor
32:30 Imperial Age
31:59 Husbandry
32:10 Bloodlines
32:02 Gambesons
32:18 Squires
32:05 Arson
34:55 Crop Rotation
33:59 Elite Battle Elephant
36:36 Conscription
37:09 Man-at-Arms
39:40 Iron Casting
39:25 Chain Barding Armor
39:06 Scale Mail Armor
38:51 Long Swordsman
40:24 Howdah
41:35 Blast Furnace
40:02 Pikeman
40:03 Two-Handed Swordsman
42:19 Champion
44:17 Chain Mail Armor
44:38 Plate Barding Armor
47:15 Plate Mail Armor
49:20 Capped Ram
Connection lost

Rejoining the realm…

Still unreachable

The connection could not be restored.

Session expired

The server has moved on; the page needs a fresh start.